 Dungeon Crawl Stone Soup version 0.29-a0-92-gee772dd00f (webtiles) character file.

Game seed: 13125771081161969850

7 Rocko1345 the Skirmisher (level 1, 0/18 HPs)
             Began as a Mummy Berserker on Feb 9, 2022.
             Was a Follower of Trog.
             Hit by a stone thrown by a kobold (1 damage)
             ... on level 1 of the Dungeon.
             The game lasted 00:01:21 (196 turns).

Rocko1345 the Skirmisher (Mummy Berserker)           Turns: 196, Time: 00:01:22

Health: 0/18       AC:  2    Str: 20    XL:     1   Next: 91%
Magic:  1/1        EV: 12    Int:  6    God:    Trog [*.....]
Gold:   5          SH:  0    Dex: 11    Spells: 0/0 levels left

rFire   x . .      SeeInvis .   a - +0 falchion
rCold   + . .      Faith    .   (no shield)
rNeg    + + +      Spirit   .   b - +0 animal skin
rPois   ∞          Reflect  .   (no helmet)
rElec   .          Harm     .   (no cloak)
rCorr   .          Rampage  .   (no gloves)
Will    .....                   (no boots)
Stlth   +.........              (no amulet)
HPRegen 0.06/turn               (no ring)
MPRegen 0.07/turn               (no ring)

@: no status effects
A: cold resistance 1, negative energy resistance 3, torment resistance 2, heat
vulnerability 1, no potions
a: Renounce Religion


You were on level 1 of the Dungeon.
You worshipped Trog.
Trog was aware of your devotion.
You visited 1 branch of the dungeon, and saw 1 of its levels.

You collected 5 gold pieces.

Inventory:

Hand Weapons
 a - a +0 falchion (weapon)
Armour
 b - a +0 animal skin (worn)


   Skills:
 + Level 3.2 Fighting
 + Level 2.6 Long Blades
 + Level 1.6 Armour
 + Level 1.6 Dodging


You couldn't memorise any spells.
You didn't know any spells.
Your spell library was empty.

Dungeon Overview and Level Annotations

Branches:
Dungeon (1/15)

Altars:


Innate Abilities, Weirdness & Mutations

You are immune to poison.
Your flesh is cold resistant. (rC+)
You are immune to negative energy. (rN+++)
You are immune to unholy pain and torment.
You are vulnerable to heat. (rF-)
You do not drink.


Message History

The jackal bites you. The jackal barely misses you.
A giant cockroach comes into view.
The kobold hits you but does no damage. The jackal misses you.
The jackal closely misses you.
The jackal bites you but does no damage.
The kobold throws a stone.
The stone barely misses you. The jackal closely misses you.
The jackal bites you. x2
The jackal bites you but does no damage.
The jackal misses you. The jackal bites you.
Okay, then.
You can't drink.
You don't know any spells.
Okay, then.
The jackal misses you. The jackal closely misses you.
The kobold closely misses you.
The jackal bites you but does no damage.
The jackal bites you.
You closely miss the kobold.
The jackal bites you but does no damage. x2
The kobold hits you with a +0 dagger.
You hit the kobold.
The kobold is moderately wounded.
The jackal bites you but does no damage.
The jackal bites you. The kobold hits you with a +0 dagger.
* * * LOW HITPOINT WARNING * * *
The jackal closely misses you. The jackal barely misses you.
The kobold barely misses you.
You hit the jackal.
The jackal is heavily wounded.
The kobold hits you with a +0 dagger.
* * * LOW HITPOINT WARNING * * *
The jackal closely misses you. x2; The kobold hits you with a +0 dagger.
* * * LOW HITPOINT WARNING * * *
The jackal bites you.
* * * LOW HITPOINT WARNING * * *
You slash the jackal!
You kill the jackal!
Trog accepts your kill. The jackal closely misses you.
The kobold throws a stone.
The stone hits you.
You die...

#.[ ##.......#. .....##..#..
#..# ##........##..#......#..
#...###...####...#...##..#...#
.B#........## #....#..#...#..#
#..........# +.....##..!.†.##
..#........##
##.........##..#.
#...###...####....##.##..#...#
#..# ##...K...........#...#..
#.. ##...h.@...#...#.)....##
#. ##.....h..##...###....#.. #
...........#...#....#....##
...........†....#.......#...
############################


You could see 2 jackals and a kobold.

Vanquished Creatures
  A dart slug (D:1)
  2 jackals (D:1)
  A quokka (D:1)
  A ball python (D:1)
  A bat (D:1)
  A kobold (D:1)
7 creatures vanquished.

Notes
Turn   | Place    | Note
-------+----------+-------------------------------------------
     0 | D:1      | Rocko1345 the Mummy Berserker began the quest for the Orb.
     0 | D:1      | Reached XP level 1. HP: 18/18 MP: 1/1
   196 | D:1      | Hit by a stone thrown by a kobold

Illustrated notes

Levels and vault maps discovered:
D:1:      erik_arrival_cave_to_civilisation [erik_arrival_cave_to_hall],
          layout_rooms, dreamdust_ecumenical_altar_statues, serial_forest,
          infiniplex_forest_lined_2, infiniplex_forest_lined_room_3,
          infiniplex_forest_straight_2, infiniplex_forest_zigzag_2,
          infiniplex_forest_clump_C, infiniplex_forest_lined_corner,
          infiniplex_forest_lined_3, infiniplex_forest_clump_small,
          infiniplex_forest_straight_4

Action                   || total
-------------------------++-------
Melee: Falchion          ||    19
Armor: Animal skin       ||    11
Dodge: Dodged            ||    29

Table legend: (Time is in decaauts)
 A = Elapsed time spent in this place.
 B = Non-inter-level travel time spent in this place.
 C = Inter-level travel time spent in this place.
 D = Time resting spent in this place.
 E = Time spent auto-exploring this place.
 F = Levels seen in this place.
 G = Mean time per level.
                   A        B        C        D        E       F      G
               +--------+--------+--------+--------+--------+-----+--------+
         Total |    198 |    194 |      4 |     90 |     19 |   1 |  198.0 |
       Dungeon |    198 |    194 |      4 |     90 |     19 |   1 |  198.0 |
               +--------+--------+--------+--------+--------+-----+--------+

Top non-repeatable levels by time:
     D:1: 198 daAuts
